 Dungeon Crawl Stone Soup version 0.26.1-2-gb8aa6d0cf2 (webtiles) character file.

Game seed: 12111692305263766405

517 jlumianski the Grasshopper (level 7, -7/56 HPs)
             Began as a Gnoll Warper on Mar 30, 2021.
             Mangled by Pikel
             ... wielding a +1 whip of flaming
              (16 damage)
             ... on level 4 of the Dungeon.
             The game lasted 00:25:23 (6648 turns).

jlumianski the Grasshopper (Gnoll Warper)           Turns: 6648, Time: 00:25:26

Health: -7/56      AC:  9    Str: 14    XL:     7   Next: 20%
Magic:  5/15       EV: 13    Int: 17    God:
Gold:   217        SH:  0    Dex: 14    Spells: 5/17 levels left

rFire    . . .     SeeInvis .   a - +0 hand axe
rCold    . . .     Faith    .   (no shield)
rNeg     . . .     Spirit   .   A - +0 ring mail
rPois    .         Reflect  .   B - +0 helmet
rElec    .         Harm     .   r - +0 cloak
rCorr    +         Rampage  .   h - +0 pair of gloves
Will     .....                  (no boots)
Stlth    +.........             (no amulet)
HPRegen  0.18/turn              k - ring of wizardry
MPRegen  0.14/turn              z - ring of resist corrosion

@: no status effects
A: distributed training, fangs 1, strong nose
a: no special abilities


You were on level 4 of the Dungeon.
You visited 1 branch of the dungeon, and saw 5 of its levels.

You collected 262 gold pieces.
You spent 45 gold pieces at shops.

Inventory:

Hand Weapons
 a - a +0 hand axe (weapon)
Missiles
 e - 5 boomerangs of dispersal
 f - 66 stones
 y - 8 curare-tipped darts (quivered)
Armour
 b - a +0 leather armour
 h - a +0 pair of gloves (worn)
 p - a +0 pair of gloves
 r - a +0 cloak (worn)
 v - a +0 pair of boots
 A - a +0 ring mail (worn)
 B - a +0 helmet (worn)
Jewellery
 g - a cursed ring of attention
 k - a ring of wizardry (left hand)
 q - a cursed amulet of inaccuracy
 z - a ring of resist corrosion (right hand)
Wands
 s - a wand of polymorph (4)
 t - a wand of acid (7)
 w - a wand of random effects (13)
Scrolls
 d - a scroll of blinking
 i - a scroll of teleportation
 n - a scroll of fog
 C - a scroll of remove curse
Potions
 c - a potion of flight
 j - 2 potions of resistance
 l - a potion of ambrosia {unknown}
 m - 4 potions of curing
 o - a potion of invisibility {unknown}
 u - a potion of lignification
 x - a potion of attraction {unknown}


   Skills:
 + Level 5.2 Fighting
 + Level 2.3 Short Blades
 + Level 2.3 Long Blades
 + Level 5.2 Axes
 + Level 2.3 Maces & Flails
 + Level 2.3 Polearms
 + Level 2.3 Staves
 + Level 2.3 Slings
 + Level 2.3 Bows
 + Level 2.3 Crossbows
 + Level 3.5 Throwing
 + Level 3.5 Armour
 + Level 5.2 Dodging
 + Level 2.3 Stealth
 + Level 2.3 Shields
 + Level 2.3 Unarmed Combat
 + Level 5.5 Spellcasting
 + Level 1.9 Conjurations
 + Level 1.9 Hexes
 + Level 1.9 Summonings
 + Level 1.9 Necromancy
 + Level 5.8 Translocations
 + Level 1.9 Transmutations
 + Level 1.9 Fire Magic
 + Level 1.9 Ice Magic
 + Level 1.9 Air Magic
 + Level 1.9 Earth Magic
 + Level 1.9 Poison Magic
 + Level 2.6 Invocations
 + Level 2.3 Evocations


You had 5 spell levels left.
You knew the following spells:

 Your Spells              Type           Power        Failure   Level
a - Blink                 Tloc           N/A          1%          2
b - Gell's Gravitas       Tloc           12%          3%          3
c - Teleport Other        Tloc           24%          3%          3
d - Passage of Golubria   Tloc           N/A          10%         4

Your spell library contained the following spells:

 Spells                   Type           Power        Failure   Level
 Lesser Beckoning         Tloc           12%          3%          3


Dungeon Overview and Level Annotations

Branches:
Dungeon (5/15)
 Temple: D:4-7

Altars:
Hepliaklqana
Kikubaaqudgha
Nemelex Xobeh
Xom
Yredelemnul

Shops:
D:4 ==[

Annotations:
D:4 Pikel


Innate Abilities, Weirdness & Mutations

Your experience applies equally to all skills.
You have very sharp teeth.
Your uncanny sense of smell can sniff out nearby items.


Message History

Pikel is severely wounded.
Pikel hits you with a +1 whip of flaming!
Pikel burns you.
You hit Pikel but do no damage.
Pikel is severely wounded.
Pikel hits you but does no damage. Pikel barely misses you.
You miss Pikel. Your bite misses Pikel.
Pikel is heavily wounded.
Pikel barely misses you. Pikel hits you but does no damage.
You barely miss Pikel. You bite Pikel, but do no damage.
Pikel is heavily wounded.
Pikel closely misses you.
You hit Pikel.
Pikel is severely wounded.
Pikel hits you with a +1 whip of flaming!
* * * LOW HITPOINT WARNING * * *
Pikel burns you.
* * * LOW HITPOINT WARNING * * *
Pikel hits you with a +1 whip of flaming!
You die...

#..# #.# #.## #.# ∆
#.# #5# #.# #5# #.#
#5# #.# #5# #.# #.#
#######.############.#
................@K555#
######################


You could see Pikel (berserk) and 3 lemures.

Vanquished Creatures
  A lemure (D:4)
  2 orc priests (D:2)
  A centaur skeleton (D:2)
  Terence (D:3)
  Jessica (D:2)
  Ijyb (D:3)
  Natasha (twice) (D:2)
  4 worker ants
  8 adders
  2 gnolls (D:3)
  An ooze (D:4)
  4 worms
  A dart slug (D:1)
  6 leopard geckos
  10 orcs
  6 bats
  9 giant cockroaches
  8 goblins
  5 hobgoblins
  5 jackals
  5 quokkas
  3 ball pythons
  2 frilled lizards
  4 kobolds
  5 rats
97 creatures vanquished.

Vanquished Creatures (others)
  8 plants (D:4)
8 creatures vanquished.

Grand Total: 105 creatures vanquished

Notes
Turn   | Place    | Note
-------+----------+-------------------------------------------
     0 | D:1      | jlumianski the Gnoll Warper began the quest for the Orb.
     0 | D:1      | Reached XP level 1. HP: 20/20 MP: 6/6
   217 | D:1      | Reached XP level 2. HP: 20/26 MP: 7/7
   584 | D:1      | Learned a level 2 spell: Blink
   750 | D:1      | Reached XP level 3. HP: 30/31 MP: 9/9
   752 | D:1      | Reached skill level 5 in Spellcasting
   757 | D:1      | Learned a level 3 spell: Gell's Gravitas
   765 | D:1      | Learned a level 3 spell: Teleport Other
  1098 | D:2      | Reached skill level 1 in Short Blades
  1098 | D:2      | Reached skill level 1 in Long Blades
  1098 | D:2      | Reached skill level 1 in Maces & Flails
  1098 | D:2      | Reached skill level 1 in Polearms
  1098 | D:2      | Reached skill level 1 in Staves
  1098 | D:2      | Reached skill level 1 in Slings
  1098 | D:2      | Reached skill level 1 in Bows
  1098 | D:2      | Reached skill level 1 in Crossbows
  1098 | D:2      | Reached skill level 1 in Stealth
  1098 | D:2      | Reached skill level 1 in Shields
  1098 | D:2      | Reached skill level 1 in Unarmed Combat
  1098 | D:2      | Reached skill level 1 in Invocations
  1098 | D:2      | Reached skill level 1 in Evocations
  1170 | D:2      | Reached XP level 4. HP: 38/38 MP: 11/11
  1331 | D:2      | Learned a level 4 spell: Passage of Golubria
  1712 | D:2      | Reached skill level 1 in Conjurations
  1712 | D:2      | Reached skill level 1 in Hexes
  1712 | D:2      | Reached skill level 1 in Summonings
  1712 | D:2      | Reached skill level 1 in Necromancy
  1712 | D:2      | Reached skill level 1 in Transmutations
  1712 | D:2      | Reached skill level 1 in Fire Magic
  1712 | D:2      | Reached skill level 1 in Ice Magic
  1712 | D:2      | Reached skill level 1 in Air Magic
  1712 | D:2      | Reached skill level 1 in Earth Magic
  1712 | D:2      | Reached skill level 1 in Poison Magic
  1920 | D:2      | Reached XP level 5. HP: 36/43 MP: 12/12
  2449 | D:2      | Noticed Jessica
  2474 | D:2      | Killed Jessica
  2701 | D:2      | Found a sparkling altar of Nemelex Xobeh.
  2874 | D:2      | Noticed Natasha
  2897 | D:2      | Killed Natasha
  2898 | D:2      | Reached XP level 6. HP: 7/50 MP: 6/13
  2910 | D:2      | Noticed Natasha
  3205 | D:2      | Killed Natasha
  3472 | D:3      | Noticed Terence
  3496 | D:3      | Killed Terence
  3601 | D:3      | Reached skill level 5 in Fighting
  3601 | D:3      | Reached skill level 5 in Axes
  3601 | D:3      | Reached skill level 5 in Dodging
  4044 | D:3      | Noticed Ijyb
  4057 | D:3      | Killed Ijyb
  4858 | D:3      | Found a broken altar of Ashenzari.
  4903 | D:3      | Found a hide-covered altar of Uskayaw.
  4903 | D:3      | Found a shimmering altar of Xom.
  4905 | D:3      | Found a hazy altar of Hepliaklqana.
  4905 | D:3      | Found an ancient bone altar of Kikubaaqudgha.
  4905 | D:3      | Found a basalt altar of Yredelemnul.
  5198 | D:4      | Reached XP level 7. HP: 40/56 MP: 15/15
  5354 | D:5      | Entered Level 5 of the Dungeon
  5592 | D:4      | Found Casot's Jewellery Shoppe.
  5733 | D:4      | Found Zecesak's Armour Emporium.
  5739 | D:4      | Bought a +0 pair of boots for 45 gold pieces
  5936 | D:4      | Found Teissuc's Jewellery Emporium.
  6060 | D:4      | Found a shimmering altar of Xom.
  6628 | D:4      | Noticed Pikel
  6648 | D:4      | Mangled by Pikel

Illustrated notes

Levels and vault maps discovered:
D:1:      dpeg_arrival_arbitrary_a, layout_loops_ring
D:2:      layout_basic, nicolae_overflow_crystal_walls, uniq_natasha,
          uniq_jessica
D:3:      layout_basic, st_stairs_6, doesnt_xom_only_xom, uniq_terence,
          uniq_ijyb
D:4:      wad_woods_stonehenge, layout_basic, serial_shops, shop_fountains,
          shop, nicolae_shop_trees, shop, shop, grunt_ministairs_10,
          uniq_grinder, uniq_pikel
D:5:      layout_layer_cave, basic_altar

Skill      XL: |  1  2  3  4  5  6 |
---------------+-------------------+-----
Spellcasting   | 5 |  5.5
Short Blades   | 1 2 |  2.3
Long Blades    | 1 2 |  2.3
Maces & Flails | 1 2 |  2.3
Polearms       | 1 2 |  2.3
Staves         | 1 2 |  2.3
Slings         | 1 2 |  2.3
Bows           | 1 2 |  2.3
Crossbows      | 1 2 |  2.3
Stealth        | 1 2 |  2.3
Shields        | 1 2 |  2.3
Unarmed Combat | 1 2 |  2.3
Invocations    | 1 2 |  2.6
Evocations     | 1 2 |  2.3
Conjurations   | 1 |  1.9
Hexes          | 1 |  1.9
Summonings     | 1 |  1.9
Necromancy     | 1 |  1.9
Transmutations | 1 |  1.9
Fire Magic     | 1 |  1.9
Ice Magic      | 1 |  1.9
Air Magic      | 1 |  1.9
Earth Magic    | 1 |  1.9
Poison Magic   | 1 |  1.9
Throwing       | 3 |  3.5
Armour         | 3 |  3.5
Fighting       | 5 |  5.2
Axes           | 5 |  5.2
Dodging        | 5 |  5.2
Translocations | |  5.8

Action                   |  1- 3 |  4- 6 |  7- 9 || total
-------------------------+-------+-------+-------++-------
Melee: Hand axe          |    77 |   269 |    52 ||   398
       Bite              |     9 |    22 |     4 ||    35
       Punch             |       |       |     1 ||     1
Throw: Stone             |     5 |    70 |       ||    75
       Dart              |       |     1 |     2 ||     3
 Cast: Blink             |     4 |     7 |     4 ||    15
       Teleport Other    |     1 |       |       ||     1
       Gell's Gravitas   |       |    20 |    10 ||    30
Evoke: Wand              |       |       |     3 ||     3
  Use: Scroll            |     2 |     3 |     5 ||    10
       Potion            |       |     3 |     2 ||     5
 Stab: Sleeping          |     1 |     4 |       ||     5
Armor: Leather armour    |    25 |    52 |       ||    77
       Ring mail         |       |     4 |    30 ||    34
Dodge: Dodged            |    65 |   186 |    66 ||   317
